 Dungeon Crawl Stone Soup version 0.31-a0-435-g2c6fae2916 (webtiles) character file.

Game seed: 11659455521314250372

530 LobsterGuardian the Stinger (level 7, 0/50 HPs)
             Began as a Black Draconian Venom Mage on Aug 1, 2023.
             Was a Believer of Dithmenos.
             Killed from afar by an orc wizard (4 damage)
             ... with a magic dart
             ... on level 5 of the Dungeon.
             The game lasted 00:17:07 (2994 turns).

LobsterGuardian the Stinger (DrVM)                  Turns: 2994, Time: 00:17:08

Health: 0/50       AC:  7    Str: 10    XL:     7   Next: 3%
Magic:  10/10      EV: 12    Int: 17    God:    Dithmenos [**....]
Gold:   170        SH:  0    Dex: 12    Spells: 4/10 levels left

rFire   . . .        b - +0 short sword
rCold   . . .        (no shield)
rNeg    . . .        (body armour unavailable)
rPois   .            (helmet restricted)
rElec   +            e - scarf {harm}
rCorr   .            (no gloves)
SInv    .            k - +0 pair of boots
Will    .....        f - amulet of magic regeneration
Stlth   ++           g - ring of wizardry
HPRegen 0.28/turn    (no ring)
MPRegen 0.52/turn

%: harm (+30% outgoing, +20% incoming), wizardry (x1)
@: wreathed by umbra
A: breathe lightning, AC +6, unfitting armour, electricity resistance,
cold-blooded
a: Breathe Lightning, Renounce Religion, Shadow Step


You were on level 5 of the Dungeon.
You worshipped Dithmenos.
Dithmenos was pleased with you.
You visited 1 branch of the dungeon, and saw 5 of its levels.

You collected 170 gold pieces.

Inventory:

Hand Weapons
 b - a +0 short sword (weapon)
Armour
 e - a scarf of harm (worn)
 k - a +0 pair of boots (worn)
Jewellery
 f - an amulet of magic regeneration (around neck)
 g - a ring of wizardry (left hand)
 s - an amulet of regeneration
 t - a ring of fire
Scrolls
 c - a scroll of noise
 l - a scroll of torment {unknown}
 m - a scroll of revelation {unknown}
 n - 2 scrolls of blinking {unknown}
 q - a scroll of enchant armour {unknown}
 r - 3 scrolls of poison {unknown}
Potions
 a - a potion of magic
 d - 3 potions of brilliance {unknown}
 h - a potion of might {unknown}
 i - a potion of heal wounds
 j - a potion of cancellation {unknown}
 o - a potion of invisibility {unknown}
 u - a potion of berserk rage {unknown}


   Skills:
 - Level 1.8 Dodging
 - Level 2.0 Stealth
 - Level 2.2 Spellcasting
 + Level 0.1 Conjurations
 - Level 3.0 Transmutations
 + Level 1.3 Air Magic
 * Level 7.1 Poison Magic


You had 4 spell levels left.
You knew the following spells:

 Your Spells              Type           Power      Damage    Failure   Level
a - Sting                 Tmut/Pois      76%        1d6       1%          1
b - Poisonous Vapours     Pois/Air       32%        N/A       1%          2
c - Mephitic Cloud        Conj/Pois/Air  11%        N/A       7%          3

Your spell library contained the following spells:

 Spells                   Type           Power      Damage    Failure   Level
 Olgreb's Toxic Radiance  Pois           26%        N/A       4%          4


Dungeon Overview and Level Annotations

Branches:
Dungeon (5/15)             Temple (0/1) D:5

Altars:
Dithmenos
Sif Muna
Yredelemnul

Shops:
D:1 =   D:2 (   D:4 [

Annotations:
D:3 1 runed translucent door, Crazy Yiuf
D:5 Edmund, Eustachio


Innate Abilities, Weirdness & Mutations

You can breathe wild blasts of lightning.
Your glossy black scales are hard. (AC +6)
You cannot fit into any form of body armour.
You are resistant to electric shocks. (rElec)
You are cold-blooded and may be slowed by cold attacks.


Message History

The quokka barely misses you. x2; Edmund zaps a wand.
The puff of flame hits you!
Eustachio casts a spell.
Eustachio blinks!
The quokka closely misses you. The rat closely misses you.
The quokka bites you.
You are too injured to fight recklessly!
Unknown command.
You are too injured to fight recklessly!
Unknown command.
You are too injured to fight recklessly!
Unknown command.
You are too injured to fight recklessly!
Unknown command.
Unknown command.
Okay, then.
Unknown command.
You hit the rat.
You kill the rat!
The rat's corpse disappears in a puff of smoke!
Edmund hits you with a +4 dire flail of protection.
Eustachio mumbles some strange words.
The orc hits you but does no damage.
The quokka bites you but does no damage.
The quokka misses you.
Unknown command.
You hit something.
The bat disappears in a puff of smoke!
Something hits you but does no damage. The orc hits you with a +0 short sword.
* * * LOW HITPOINT WARNING * * *
Edmund hits you with a +4 dire flail of protection!
* * * LOW HITPOINT WARNING * * *
The orc hits you but does no damage.
Eustachio gestures wildly while chanting.
Eustachio blinks!
The quokka bites you but does no damage.
The quokka barely misses you. The river rat misses you.
You miss something. The quokka closely misses you. x2
You hear some strange, mumbled words.
A magic dart appears from out of thin air!
The magic dart hits you.
You die...

#.....#..... ..#####
##.##.####.. .......
.####.##.####.. .......
.......+....#.. ......§
.......#.......
.......###...........#.#
#........##...#..##...
+...oor.######..##....
#..r@@...####..###....
#...r{r........###....
#........#...>..#..÷..
.....####...#.......#...
.....#....@.##.##...+...
.... #.......#####..#...
... ########.###..##...
##. ....W..........##..
.........#.....<#†.


You could see Edmund, Eustachio, a river rat (summoned), 2 orcs, 2 quokkas and a
rat (summoned).

Vanquished Creatures
  2 black bears (D:5)
  3 hounds
  A jelly (D:5)
  Natasha (D:3)
  2 adders
  2 worms
  2 dart slugs (D:3)
  5 orcs
  3 ball pythons
  7 endoplasms
  3 giant cockroaches
  10 goblins
  4 hobgoblins
  4 quokkas
  10 bats
  4 kobolds
  4 rats
67 creatures vanquished.

Vanquished Creatures (others)
  A water moccasin (D:4)
  A phantom (D:5)
2 creatures vanquished.

Grand Total: 69 creatures vanquished

Notes
Turn   | Place    | Note
-------+----------+-------------------------------------------
     0 | D:1      | LobsterGuardian the Draconian Venom Mage began the quest
                  | for the Orb.
     0 | D:1      | Reached XP level 1. HP: 14/14 MP: 3/3
   196 | D:1      | Found a faded altar of an unknown god.
   253 | D:1      | Prayed at the altar of an unknown god.
   253 | D:1      | Became a worshipper of Dithmenos the Shadowed
   253 | D:1      | Reached * piety under Dithmenos
   347 | D:1      | Reached XP level 2. HP: 20/20 MP: 1/5
   463 | D:1      | Found Olekaxuc's Jewellery Boutique.
   503 | D:1      | Learned a level 2 spell: Poisonous Vapours
   908 | D:2      | Found Yhapreklos's Weapon Boutique.
   918 | D:2      | Reached XP level 3. HP: 26/26 MP: 4/6
  1038 | D:2      | Reached ** piety under Dithmenos
  1039 | D:2      | Reached skill level 4 in Poison Magic
  1247 | D:2      | Upgraded the game from 0.31-a0-431-g88bdf31460 to
                  | 0.31-a0-435-g2c6fae2916
  1251 | D:2      | Learned a level 3 spell: Mephitic Cloud
  1764 | D:3      | Found a runed translucent door.
  1765 | D:3      | Noticed Crazy Yiuf
  1808 | D:3      | Reached XP level 4. HP: 33/33 MP: 4/7
  1828 | D:3      | Noticed Natasha
  1835 | D:3      | Killed Natasha
  2191 | D:4      | Reached XP level 5. HP: 38/38 MP: 5/8
  2214 | D:4      | Found Giur's Armour Emporium.
  2279 | D:4      | Found a shimmering blue altar of Sif Muna.
  2287 | D:4      | Noticed a water moccasin
  2312 | D:4      | Reached skill level 5 in Poison Magic
  2497 | D:4      | Noticed an ogre
  2506 | D:5      | Entered Level 5 of the Dungeon
  2572 | D:5      | Reached XP level 6. HP: 42/45 MP: 7/9
  2587 | D:5      | Reached skill level 6 in Poison Magic
  2766 | D:5      | Found a basalt altar of Yredelemnul.
  2870 | D:5      | Reached skill level 1 in Air Magic
  2878 | D:5      | Noticed Eustachio
  2884 | D:5      | Noticed Edmund
  2935 | D:5      | Found a staircase to the Ecumenical Temple.
  2989 | D:5      | Reached skill level 7 in Poison Magic
  2989 | D:5      | Your scales start taking on a glossy black colour.
  2989 | D:5      | Reached XP level 7. HP: 41/50 MP: 10/10
  2989 | D:5      | Gained mutation: You are resistant to electric shocks.
                  | (rElec) [Black Draconian growth]
  2994 | D:5      | Killed from afar by an orc wizard

Illustrated notes

Levels and vault maps discovered:
D:1:      sevenhm_arrival_forest_fort_large_4, layout_basic,
          dreamdust_ecumenical_altar_statues, serial_shops,
          nicolae_shop_tiny_glass, serial_bayou_ford_a,
          chequers_serial_rivers_micro_a
D:2:      layout_rooms, serial_shops, shop
D:3:      layout_basic, minmay_misc_feat_nine_boxes, uniq_natasha,
          uniq_crazy_yiuf_cottage
D:4:      layout_cave_pools, mainiacjoe_overflow_brackets, serial_shops,
          nicolae_shop_just_a_little_nook, kennysheep_decorative_pillar,
          hex_tiny, grunt_ministairs_13, st_stairs_8, uniq_grinder
D:5:      layout_gridville, nicolae_overflow_crystal_walls,
          minmay_temple_entry_wispy, st_stairs_8, uniq_duvessa, uniq_eustachio,
          uniq_edmund

Skill      XL: |  1  2  3  4  5  6 |
---------------+-------------------+-----
Poison Magic   | 4 5 7 |  7.1
Stealth        | 2 |  2.0
Transmutations | 2 3 |  3.0
Air Magic      | 1 |  1.3
Dodging        | |  1.8
Spellcasting   | |  2.2
Conjurations   | |  0.1

Action                     |  1- 3 |  4- 6 |  7- 9 || total
---------------------------+-------+-------+-------++-------
  Melee: Short sword       |    47 |    60 |     6 ||   113
         Tailslap          |    10 |     4 |       ||    14
         Unarmed           |     1 |       |       ||     1
   Cast: Sting             |    68 |    73 |       ||   141
         Poisonous Vapours |     5 |     5 |       ||    10
         Mephitic Cloud    |       |     5 |       ||     5
  Evoke: Wand              |       |     5 |       ||     5
    Use: Scroll            |     3 |     1 |       ||     4
         Potion            |       |     2 |       ||     2
   Stab: Sleeping          |     2 |       |       ||     2
         Confused          |       |     1 |       ||     1
 Armour: Skin              |    21 |    53 |     5 ||    79
  Dodge: Dodged            |    37 |    84 |    16 ||   137

Table legend: (Time is in decaauts)
 A = Elapsed time spent in this place.
 B = Non-inter-level travel time spent in this place.
 C = Inter-level travel time spent in this place.
 D = Time resting spent in this place.
 E = Time spent auto-exploring this place.
 F = Levels seen in this place.
 G = Mean time per level.
                   A        B        C        D        E       F      G
               +--------+--------+--------+--------+--------+-----+--------+
         Total |   3001 |   2836 |    165 |      0 |   2206 |   5 |  600.2 |
       Dungeon |   3001 |   2836 |    165 |      0 |   2206 |   5 |  600.2 |
               +--------+--------+--------+--------+--------+-----+--------+

Top non-repeatable levels by time:
     D:3: 988 daAuts
     D:1: 831 daAuts
     D:5: 481 daAuts
     D:2: 429 daAuts
     D:4: 269 daAuts
